 Dungeon Crawl Stone Soup version 0.28-a0-845-gfc338a8e3c (webtiles) character file.

Game seed: 7592997405526173952

179 siradein the Insei (level 5, -25/41 HPs)
             Began as a Gnoll Transmuter on Nov 13, 2021.
             Killed from afar by Ijyb (43 damage)
             ... with a bolt of acid
             ... on level 3 of the Dungeon.
             The game lasted 00:04:13 (2923 turns).

siradein the Insei (Gnoll Transmuter)               Turns: 2923, Time: 00:04:13

Health: -25/41     AC:  3    Str: 10    XL:     5   Next: 59%
Magic:  11/12      EV: 13    Int: 13    God:
Gold:   84         SH:  0    Dex: 12    Spells: 4/14 levels left

rFire   . . .      SeeInvis .   n - +2 dagger (drain)
rCold   . . .      Faith    .   (no shield)
rNeg    . . .      Spirit   .   l - +0 leather armour
rPois   .          Reflect  .   (helmet currently unavailable)
rElec   .          Harm     .   (no cloak)
rCorr   .          Rampage  .   (no gloves)
Will    .....                   (boots currently unavailable)
Stlth   +.........              (no amulet)
HPRegen 0.13/turn               (no ring)
MPRegen 0.13/turn               (no ring)

@: appendages
A: horns 2, talons 2, fangs 1, strong nose, distributed training
a: End Transformation


You were on level 3 of the Dungeon.
You had temporarily grown beastly horns and talons.
You visited 1 branch of the dungeon, and saw 3 of its levels.

You collected 84 gold pieces.

Inventory:

Hand Weapons
 j - a +0 hand crossbow
 m - a +0 rapier
 n - a +2 dagger of draining (weapon)
Missiles
 e - 4 boomerangs
 f - 25 stones
 k - 15 bolts
Armour
 l - a +0 leather armour (worn)
Wands
 q - a wand of acid (6)
Scrolls
 c - a scroll of immolation {unknown}
 h - 2 scrolls of identify {unknown}
 i - a scroll of teleportation {unknown}
 o - a scroll of enchant armour {unknown}
 s - a scroll of summoning {unknown}
Potions
 a - a potion of brilliance {unknown}
 b - a potion of flight {unknown}
 d - a potion of heal wounds {unknown}
 g - a potion of degeneration {unknown}
 p - a potion of haste {unknown}
 r - a potion of curing {unknown}
 t - a potion of mutation {unknown}


   Skills:
 + Level 3.0 Fighting
 + Level 1.5 Short Blades
 + Level 1.5 Long Blades
 + Level 1.5 Axes
 + Level 1.5 Maces & Flails
 + Level 1.5 Polearms
 + Level 1.5 Staves
 + Level 1.5 Slings
 + Level 1.5 Bows
 + Level 1.5 Crossbows
 + Level 1.5 Throwing
 + Level 1.5 Armour
 + Level 4.8 Dodging
 + Level 1.5 Stealth
 + Level 1.5 Shields
 + Level 6.7 Unarmed Combat
 + Level 5.2 Spellcasting
 + Level 1.2 Conjurations
 + Level 1.2 Hexes
 + Level 1.2 Summonings
 + Level 1.2 Necromancy
 + Level 1.2 Translocations
 + Level 4.0 Transmutations
 + Level 1.2 Fire Magic
 + Level 1.2 Ice Magic
 + Level 1.2 Air Magic
 + Level 1.2 Earth Magic
 + Level 1.2 Poison Magic
 + Level 1.7 Invocations
 + Level 1.5 Evocations


You had 4 spell levels left.
You knew the following spells:

 Your Spells              Type           Power      Damage    Failure   Level
a - Beastly Appendage     Tmut           26%        N/A       4%          1
b - Wereblood             Tmut           13%        N/A       7%          2
c - Spider Form           Tmut/Pois      10%        N/A       24%         3
d - Ice Form              Ice/Tmut       10%        N/A       63%         4

Your spell library contained the following spells:

 Spells                   Type           Power      Damage    Failure   Level
 Passwall                 Tmut/Erth      8%         N/A       12%         2
 Sandblast                Erth           12%        2d6       14%         1
 Gell's Gravitas          Tloc           6%         N/A       41%         3
 Stone Arrow              Conj/Erth      12%        3d7       41%         3
 Teleport Other           Tloc           6%         N/A       41%         3
 Dispersal                Tloc           3%         N/A       100%        6


Dungeon Overview and Level Annotations

Branches:
Dungeon (3/15)

Altars:
Ashenzari

Shops:
D:2 [

Annotations:
D:3 Ijyb


Innate Abilities, Weirdness & Mutations

You have temporarily grown beastly horns and talons.
You have very sharp teeth.
Your uncanny sense of smell can sniff out nearby items.
Your experience applies equally to all skills.


Message History

You closely miss the bat. The bat completely misses you.
The bat hits you but does no damage.
The kobold throws a stone.
The stone closely misses you.
You closely miss the bat. Your bite misses the bat. The bat misses you.
The bat closely misses you. The bat misses you.
You hit the bat.
You kill the bat!
The kobold hits you with a +0 whip.
You see here a bat corpse.
You hit the kobold. You drain the kobold.
The kobold is severely wounded.
The kobold hits you with a +0 whip.
You hit the kobold.
You kill the kobold!
Your transformation is almost over.
f - 25 stones (gained 4)
You see here a +0 whip.
You see here a bat corpse.
Your horns disappear.
Your talons disappear.
Found a ring mail.
Ijyb the Twisted Goblin comes into view.
She is wielding a +0 dagger, wearing a +3 chain mail of poison resistance and carrying a wand of acid (11).
Ijyb zaps a wand.
The bolt of acid hits you!!
Ouch! That really hurt!
Ijyb is nearby!
Casting: Beastly Appendage (safe; 4% risk of failure)
Press: ? - help, Q - select action, (/) - cycle Dir - look around, f - activate You grow a pair of large bovine horns.
Your feet morph into talons.
Ijyb zaps a wand.
The bolt of acid misses you.
You are too injured to fight recklessly!
You are too injured to fight recklessly!
You closely miss Ijyb. Ijyb hits you with a +0 dagger.
You barely miss Ijyb. Your kick misses Ijyb. Your headbutt misses Ijyb.
Ijyb hits you with a +0 dagger.
You hit Ijyb but do no damage. Your kick misses Ijyb.
Your headbutt misses Ijyb. Ijyb completely misses you.
You hit Ijyb but do no damage. You drain Ijyb.
Ijyb is lightly wounded.
Ijyb zaps a wand.
The bolt of acid hits you!!!
Ouch! That really hurt!
You die...

#.#######.######
#.#........#....
#.#.####...#.###
###.# #...#..#.
#...# #.#....#.
#.#†# #.###..#.
## #.#)#
.......... g.
#.#.# .#.###....
#####.#@#.# #.
+....
......g.#.#
.#.#....
#.#.#...#.#
........ #...#.#
##.##### #.....#
#.#...† #.#.###
#...... ..#.#
#...... [###.#
####...... ..
#.. ..........


You could see Ijyb (drained).

Vanquished Creatures
  A scorpion (D:3)
  An iguana (D:2)
  4 adders
  A worm (D:3)
  An orc (D:3)
  4 ball pythons
  6 bats
  5 endoplasms
  2 giant cockroaches
  5 goblins (D:1)
  4 hobgoblins
  2 quokkas (D:1)
  4 frilled lizards
  7 kobolds
  7 rats
54 creatures vanquished.

Notes
Turn   | Place    | Note
-------+----------+-------------------------------------------
     0 | D:1      | siradein the Gnoll Transmuter began the quest for the Orb.
     0 | D:1      | Reached XP level 1. HP: 17/17 MP: 6/6
   181 | D:1      | Reached XP level 2. HP: 17/23 MP: 5/7
   476 | D:1      | Learned a level 2 spell: Wereblood
   497 | D:1      | Found a faded altar of an unknown god.
   841 | D:1      | Reached XP level 3. HP: 24/28 MP: 9/9
   907 | D:1      | Reached skill level 5 in Spellcasting
  1060 | D:1      | Learned a level 3 spell: Spider Form
  1525 | D:2      | Found a broken altar of Ashenzari.
  1537 | D:2      | Found Jilohis's Armour Emporium.
  1699 | D:2      | Reached skill level 1 in Short Blades
  1699 | D:2      | Reached skill level 1 in Long Blades
  1699 | D:2      | Reached skill level 1 in Axes
  1699 | D:2      | Reached skill level 1 in Maces & Flails
  1699 | D:2      | Reached skill level 1 in Polearms
  1699 | D:2      | Reached skill level 1 in Staves
  1699 | D:2      | Reached skill level 1 in Slings
  1699 | D:2      | Reached skill level 1 in Bows
  1699 | D:2      | Reached skill level 1 in Crossbows
  1699 | D:2      | Reached skill level 1 in Throwing
  1699 | D:2      | Reached skill level 1 in Armour
  1699 | D:2      | Reached skill level 1 in Stealth
  1699 | D:2      | Reached skill level 1 in Shields
  1699 | D:2      | Reached skill level 1 in Invocations
  1699 | D:2      | Reached skill level 1 in Evocations
  1699 | D:2      | Reached XP level 4. HP: 9/34 MP: 11/11
  2336 | D:3      | Learned a level 4 spell: Ice Form
  2380 | D:3      | Noticed a scorpion
  2412 | D:3      | Reached skill level 1 in Conjurations
  2412 | D:3      | Reached skill level 1 in Hexes
  2412 | D:3      | Reached skill level 1 in Summonings
  2412 | D:3      | Reached skill level 1 in Necromancy
  2412 | D:3      | Reached skill level 1 in Translocations
  2412 | D:3      | Reached skill level 1 in Fire Magic
  2412 | D:3      | Reached skill level 1 in Ice Magic
  2412 | D:3      | Reached skill level 1 in Air Magic
  2412 | D:3      | Reached skill level 1 in Earth Magic
  2412 | D:3      | Reached skill level 1 in Poison Magic
  2489 | D:3      | Killed a scorpion
  2490 | D:3      | Reached XP level 5. HP: 40/40 MP: 8/12
  2915 | D:3      | Noticed Ijyb
  2923 | D:3      | Killed from afar by Ijyb

Illustrated notes

Levels and vault maps discovered:
D:1:      dpeg_arrival_windows_large_door, layout_basic,
          shapermc_ecumenical_altar_pompeii, wad_floor_pattern_untrapped
D:2:      layout_basic, serial_shops, shop, basic_altar, skrybe_limestone_x,
          chequers_serial_rivers_micro_b
D:3:      layout_basic, uniq_ijyb

Skill      XL: |  1  2  3  4  5 |
---------------+----------------+-----
Spellcasting   | 5 |  5.2
Short Blades   | 1 |  1.5
Long Blades    | 1 |  1.5
Axes           | 1 |  1.5
Maces & Flails | 1 |  1.5
Polearms       | 1 |  1.5
Staves         | 1 |  1.5
Slings         | 1 |  1.5
Bows           | 1 |  1.5
Crossbows      | 1 |  1.5
Throwing       | 1 |  1.5
Armour         | 1 |  1.5
Stealth        | 1 |  1.5
Shields        | 1 |  1.5
Invocations    | 1 |  1.7
Evocations     | 1 |  1.5
Conjurations   | 1 |  1.2
Hexes          | 1 |  1.2
Summonings     | 1 |  1.2
Necromancy     | 1 |  1.2
Translocations | 1 |  1.2
Fire Magic     | 1 |  1.2
Ice Magic      | 1 |  1.2
Air Magic      | 1 |  1.2
Earth Magic    | 1 |  1.2
Poison Magic   | 1 |  1.2
Fighting       | 3 |  3.0
Transmutations | 4 |  4.0
Dodging        | |  4.8
Unarmed Combat | |  6.7

Action                   |  1- 3 |  4- 6 || total
-------------------------+-------+-------++-------
Melee: Unarmed           |    80 |    18 ||    98
       Kick              |    12 |    10 ||    22
       Bite              |     4 |     2 ||     6
       Headbutt          |     4 |     5 ||     9
       Dagger            |       |    35 ||    35
       Punch             |       |     1 ||     1
 Cast: Beastly Appendage |    19 |    16 ||    35
       Wereblood         |       |     3 ||     3
 Stab: Distracted        |     1 |       ||     1
       Sleeping          |     2 |     2 ||     4
Armor: Robe              |    14 |       ||    14
       Leather armour    |       |     5 ||     5
Dodge: Dodged            |    41 |    34 ||    75

Table legend: (Time is in decaauts)
 A = Elapsed time spent in this place.
 B = Non-inter-level travel time spent in this place.
 C = Inter-level travel time spent in this place.
 D = Time resting spent in this place.
 E = Time spent auto-exploring this place.
 F = Levels seen in this place.
 G = Mean time per level.
                   A        B        C        D        E       F      G
               +--------+--------+--------+--------+--------+-----+--------+
         Total |   2907 |   2883 |     24 |      0 |   2395 |   3 |  969.0 |
       Dungeon |   2907 |   2883 |     24 |      0 |   2395 |   3 |  969.0 |
               +--------+--------+--------+--------+--------+-----+--------+

Top non-repeatable levels by time:
     D:1: 1255 daAuts
     D:2: 1045 daAuts
     D:3: 606 daAuts
